 Dungeon Crawl Stone Soup version 0.31.0-32-g396128a36d (webtiles) character file.

Game seed: 26559468593558752

15301 AdnanSaban the Blocker (level 12, -3/75 HPs)
             Began as a Gargoyle Fighter on Apr 13, 2024.
             Was an Elder of Okawaru.
             Slain by Rupert
             ... wielding a +0 triple sword of holy wrath
              (41 damage)
             ... on level 12 of the Dungeon.
             The game lasted 00:29:04 (13438 turns).

AdnanSaban the Blocker (Gargoyle Fighter)          Turns: 13438, Time: 00:29:05

Health: -3/75      AC: 30    Str: 31    XL:     12   Next: 25%
Magic:  10/16      EV: 12    Int:  9    God:    Okawaru [****..]
Gold:   749        SH: 20    Dex:  9    Spells: 11/11 levels left

rFire   . . .        a - +2 whip (elec)
rCold   . . .        X - +0 kite shield
rNeg    + . .        D - +0 plate armour
rPois   ∞            U - +0 helmet
rElec   +            g - +0 cloak
rCorr   .            (no gloves)
SInv    .            (no boots)
Will    .....        k - amulet of reflection Stlth
                     q - ring of the Octopus King {Wiz HP+2 AC+2 EV+2 SH+2}
HPRegen 0.32/turn    F - +6 ring of strength
MPRegen 0.15/turn

%: reflection, wizardry (x1)
@: heroic, finesse-ful
A: sickness immunity, AC +8, negative energy resistance 1, electricity
resistance, torment resistance 1, petrification resistance
a: Renounce Religion, Heroism, Finesse


You were on level 12 of the Dungeon.
You worshipped Okawaru.
Okawaru was greatly pleased with you.
You visited 2 branches of the dungeon, and saw 13 of its levels.
You also visited: Sewer and Gauntlet.

You collected 749 gold pieces.

Inventory:

Hand Weapons
 a - a +2 whip of electrocution (weapon)
 H - a +2 whip of venom
 I - a +3 morningstar
Missiles
 i - 6 atropa-tipped darts
 p - 64 poisoned darts (quivered)
 L - 13 boomerangs
 R - a curare-tipped dart
 Y - 8 javelins
Armour
 g - a +0 cloak (worn)
 D - a +0 plate armour (worn)
 U - a +0 helmet (worn)
 W - a scarf of resistance
 X - a +0 kite shield (worn)
Jewellery
 b - a ring of positive energy
 k - an amulet of reflection (around neck)
 q - a ring of the Octopus King (left hand) {Wiz HP+2 AC+2 EV+2 SH+2}
   (You found it on level 2 of the Dungeon)

   [ring of wizardry]

   Wiz:       It improves your spell success rate.
   AC+2:      It affects your AC (+2).
   EV+2:      It affects your evasion (+2).
   HP+2:      It affects your health (+2).
   SH+2:      It affects your SH (+2).
 t - a ring of fire
 v - a +6 ring of dexterity
 F - a +6 ring of strength (right hand)
 P - a ring of fire
Wands
 E - a wand of flame (26)
 Z - a wand of digging (3)
Scrolls
 c - a scroll of enchant armour {unknown}
 f - 10 scrolls of identify {unknown}
 j - 2 scrolls of fog {unknown}
 m - 3 scrolls of blinking {unknown}
 n - 5 scrolls of noise {unknown}
 o - 2 scrolls of silence {unknown}
 r - 2 scrolls of torment {unknown}
 s - 4 scrolls of revelation {unknown}
 w - 2 scrolls of enchant weapon {unknown}
 x - a scroll of vulnerability {unknown}
 y - 5 scrolls of teleportation {unknown}
 B - 2 scrolls of fear {unknown}
 C - 6 scrolls of immolation {unknown}
 G - 2 scrolls of amnesia {unknown}
 T - a scroll of poison {unknown}
 V - a scroll of brand weapon {unknown}
Potions
 d - 3 potions of might
 e - 3 potions of haste {unknown}
 h - 5 potions of curing {unknown}
 l - 4 potions of heal wounds {unknown}
 u - 2 potions of degeneration {unknown}
 z - 3 potions of magic {unknown}
 A - 2 potions of cancellation {unknown}
 K - 2 potions of attraction {unknown}
 M - a potion of enlightenment {unknown}
 N - a potion of resistance {unknown}
 O - a potion of invisibility {unknown}
 Q - a potion of brilliance {unknown}
 S - a potion of lignification {unknown}


   Skills:
 + Level 7.8(12.8) Fighting
 + Level 10.3(15.3) Maces & Flails
 + Level 3.3(8.3) Throwing
 + Level 9.2(14.2) Armour
 + Level 2.6(7.6) Dodging
 + Level 3.8(8.8) Stealth
 + Level 12.2(17.2) Shields
 * Level 5.8 Invocations


You had 11 spell levels left.
You didn't know any spells.
Your spell library contained the following spells:

 Spells                   Type           Power      Damage    Failure   Level
 Apportation              Tloc           0%         N/A       71%         1
 Jinxbite                 Hex            0%         N/A       83%         2
 Gell's Gravitas          Tloc           0%         N/A       96%         3
 Hailstorm                Conj/Ice       0%         3d5       96%         3
 Teleport Other           Tloc           0%         N/A       96%         3
 Cause Fear               Hex            0%         N/A       100%        4
 Alistair's Intoxication  Alch           0%         N/A       100%        5
 Fireball                 Conj/Fire      0%         3d3       100%        5
 Dispersal                Tloc           0%         N/A       100%        6
 Summon Ice Beast         Ice/Summ       Unusable   N/A       N/A         3
 Sculpt Simulacrum        Ice/Alch       Unusable   N/A       N/A         6
 Dragon's Call            Summ           Unusable   N/A       N/A         9

Dungeon Overview and Level Annotations

Branches:
Dungeon (12/15)            Temple (1/1) D:6            Lair (0/5) D:10
  Sewer (visited)         Gauntlet (visited)
    Orc: D:9-12

Altars:
Ashenzari
Cheibriados
Dithmenos
Elyvilon
Fedhas
Gozag
Hepliaklqana
Kikubaaqudgha
Makhleb
Nemelex Xobeh
Okawaru
Qazlal
Ru
Sif Muna
Trog
Uskayaw
Vehumet
Wu Jian
Xom
Yredelemnul
Zin
The Shining One

Annotations:
D:12 Rupert


Innate Abilities, Weirdness & Mutations

You are immune to sickness and miasma.
Your stone body is resilient. (AC +8)
You are immune to poison.
You resist negative energy. (rN+)
You are resistant to electric shocks. (rElec)
You are resistant to unholy torment.
You are immune to petrification.


Message History

You closely miss Rupert.
Rupert is moderately wounded.
You block Rupert's attack.
You whack Rupert!
Rupert is heavily wounded.
You whack Rupert! Lightning courses through Rupert!!
Rupert is heavily wounded.
Rupert hits you but does no damage.
You hit Rupert but do no damage. Lightning courses through Rupert!
Rupert is severely wounded.
You closely miss Rupert.
Rupert is severely wounded.
You block Rupert's attack.
You thrash Rupert!!
Rupert is severely wounded.
You hit Rupert but do no damage.
Rupert is severely wounded.
Rupert hits you with a +0 triple sword of holy wrath!!
You hit Rupert but do no damage.
Rupert is severely wounded.
You barely miss Rupert.
Rupert is severely wounded.
You hit Rupert.
Rupert is severely wounded.
You block Rupert's attack.
You hit Rupert.
Rupert is severely wounded.
You hit Rupert.
Rupert is severely wounded.
You block Rupert's attack.
You closely miss Rupert.
Rupert is severely wounded.
You hit Rupert but do no damage.
Rupert is severely wounded.
You hit Rupert. Lightning courses through Rupert!
Rupert is almost dead.
Rupert hits you with a +0 triple sword of holy wrath!!!
Ouch! That really hurt!
You die...
Rupert roars with triumph.

.. . .# .## ..# #
#.####
....#########....#
.......@@u...<...#
#..###########...#
####


You could see Rupert (berserk) and a red ugly thing.

Vanquished Creatures
  A minotaur (Gauntlet)
  A hell beast (Gauntlet)
  4 two-headed ogres
  A moth of wrath (Gauntlet)
  Joseph (D:10)
  Jeremiah (D:9)
  A kobold demonologist (D:10)
  A rime drake (D:10)
  A komodo dragon (D:11)
  5 trolls
  Grinder (Sewer)
  A hornet (D:9)
  Sigmund (D:2)
  A shadow (D:6)
  A vampire (D:11)
  A wyvern (D:7)
  6 yaks (D:9)
  The ghost of creepster the Caller, an amateur MfSu (D:5)
  Edmund (D:6)
  2 swamp worms (Gauntlet)
  2 vampire mosquitoes (D:11)
  An acid dragon (D:9)
  2 hell hounds (Gauntlet)
  A water moccasin (D:7)
  A sky beast (D:8)
  A black bear (D:7)
  6 ice beasts
  2 ogres
  An orc warrior (D:9)
  9 wolves
  2 centaurs
  A phantom (D:4)
  6 kobold brigands
  4 bullfrogs
  A gnoll sergeant (D:6)
  2 scorpions
  14 wights
  16 killer bees
  15 howler monkeys
  A quasit (Sewer)
  A hound (D:4)
  9 orc priests
  2 jellies
  A bullfrog skeleton (D:5)
  Jessica (D:3)
  A gnoll bouda (D:4)
  2 sleepcaps
  Ijyb (D:3)
  Terence (D:3)
  2 iguanas
  8 orc wizards
  A howler monkey zombie (D:5)
  A howler monkey skeleton (D:5)
  13 gnolls
  4 adders
  3 shadow imps
  A white imp (D:7)
  An ufetubus (Sewer)
  4 dart slugs
  2 ribbon worms
  27 orcs
  A bat zombie (Sewer)
  5 endoplasms
  7 giant cockroaches
  10 goblins
  13 hobgoblins
  5 quokkas
  15 ball pythons
  6 bats
  4 frilled lizards
  52 kobolds
  14 rats
339 creatures vanquished.

Vanquished Creatures (others)
  A kobold (D:5)
1 creature vanquished.

Grand Total: 340 creatures vanquished

Notes
Turn   | Place    | Note
-------+----------+-------------------------------------------
     0 | D:1      | AdnanSaban the Gargoyle Fighter began the quest for the
                  | Orb.
     0 | D:1      | Reached XP level 1. HP: 14/14 MP: 1/1
   100 | D:1      | Reached XP level 2. HP: 16/19 MP: 2/2
   355 | D:1      | Reached XP level 3. HP: 23/23 MP: 3/3
  1111 | D:2      | Noticed Sigmund
  1131 | D:2      | Killed Sigmund
  1132 | D:2      | Reached skill level 1 in Dodging
  1132 | D:2      | Reached skill level 4 in Shields
  1132 | D:2      | Reached XP level 4. HP: 4/29 MP: 4/4
  1132 | D:2      | Reached XP level 5. HP: 5/33 MP: 5/5
  1372 | D:2      | Found the ring of the Octopus King
  1380 | D:2      | Identified a ring of the Octopus King {Wiz HP+2 AC+2 EV+2
                  | SH+2}
  1414 | D:2      | Reached XP level 6. HP: 38/38 MP: 6/6
  1967 | D:3      | Noticed Jessica
  1973 | D:3      | Killed Jessica
  2064 | D:3      | Noticed Ijyb
  2102 | D:3      | Killed Ijyb
  2363 | D:3      | Found a faded altar of an unknown god.
  2566 | D:3      | Noticed Terence
  2580 | D:3      | Killed Terence
  2810 | D:3      | HP: 2/40 [acid (5)]
  2969 | D:3      | Reached skill level 5 in Armour
  2969 | D:3      | Reached XP level 7. HP: 32/43 MP: 7/7
  3056 | D:4      | Found a glowing drain.
  3060 | Sewer    | Entered a sewer
  3146 | Sewer    | Found a burning altar of Makhleb.
  3164 | Sewer    | Reached skill level 5 in Maces & Flails
  3164 | Sewer    | Reached skill level 1 in Stealth
  3186 | Sewer    | Reached skill level 5 in Shields
  3222 | Sewer    | Noticed Grinder
  3231 | Sewer    | Killed Grinder
  3268 | Sewer    | Reached XP level 8. HP: 47/48 MP: 8/8
  3610 | D:4      | Reached skill level 6 in Shields
  3770 | D:5      | Entered Level 5 of the Dungeon
  3828 | D:5      | Found a sacrificial altar of Ru.
  3864 | D:5      | Reached skill level 1 in Throwing
  3877 | D:5      | Found a transporter.
  4012 | D:5      | Found a transporter.
  4014 | D:5      | Noticed creepster's ghost (amateur MfSu)
  4792 | D:5      | Reached skill level 7 in Shields
  5132 | D:6      | Noticed a shadow
  5253 | D:5      | Reached XP level 9. HP: 43/52 MP: 9/9
  5533 | D:6      | Found a staircase to the Ecumenical Temple.
  5559 | Temple   | Entered the Ecumenical Temple
  5607 | D:6      | Noticed Edmund
  5647 | D:6      | Killed Edmund
  5648 | D:6      | Reached skill level 5 in Fighting
  5724 | D:6      | Found a basalt altar of Yredelemnul.
  5922 | D:6      | Identified the +9 hand axe of the Apocalypse {flame, ^Drain
                  | rPois MP+9 SInv}
  6053 | D:6      | Reached skill level 8 in Shields
  6400 | D:6      | Found an iron altar of Okawaru.
  6400 | D:6      | Found a shadowy altar of Dithmenos.
  6406 | D:6      | Found a shimmering altar of Xom.
  6408 | D:6      | Found a hazy altar of Hepliaklqana.
  6410 | D:6      | Found an ornate altar of the Wu Jian Council.
  6551 | D:7      | Found an opulent altar of Gozag.
  6854 | D:7      | Reached skill level 9 in Shields
  6915 | D:7      | Reached XP level 10. HP: 60/60 MP: 10/10
  7555 | D:9      | Noticed a two-headed ogre
  7998 | D:9      | Noticed Jeremiah
  8038 | D:8      | Found an ancient bone altar of Kikubaaqudgha.
  8545 | D:6      | Became a worshipper of Warmaster Okawaru
  8694 | D:5      | Killed creepster's ghost
  8927 | D:9      | Killed Jeremiah
  8928 | D:9      | Reached skill level 10 in Shields
  8928 | D:9      | Reached skill level 1 in Invocations
  9113 | D:9      | Reached * piety under Okawaru
  9401 | D:9      | Reached XP level 11. HP: 39/66 MP: 12/12
  9694 | D:9      | Noticed a two-headed ogre
  9768 | D:9      | Killed a two-headed ogre
  9768 | D:9      | Reached ** piety under Okawaru
  9876 | D:9      | Killed a two-headed ogre
 10036 | D:10     | Entered Level 10 of the Dungeon
 10053 | D:10     | Reached skill level 11 in Shields
 10326 | D:10     | Found a staircase to the Lair.
 10673 | D:10     | Reached *** piety under Okawaru
 10719 | D:10     | Noticed Joseph
 10732 | D:10     | Killed Joseph
 10819 | D:10     | Identified the +1 robe of Clean Satisfaction {Fly Dex+2
                  | Stlth-}
 11147 | D:10     | Noticed a two-headed ogre
 11160 | D:10     | Killed a two-headed ogre
 11551 | D:11     | Found a gate leading to a gauntlet.
 11571 | Gauntlet | Entered a Gauntlet
 11571 | Gauntlet | Found a transporter.
 11576 | Gauntlet | Noticed a moth of wrath
 11581 | Gauntlet | Found a transporter.
 11592 | Gauntlet | Found a transporter.
 11595 | Gauntlet | Found a transporter.
 11597 | Gauntlet | Noticed a hell hog
 11604 | Gauntlet | Found a transporter.
 11619 | Gauntlet | Found a transporter.
 11619 | Gauntlet | Noticed a hell beast
 11623 | Gauntlet | Found a runed translucent door.
 11627 | Gauntlet | Noticed a ghost crab
 11630 | Gauntlet | Found the ring of Shadows {Umbra +Inv Stlth+}
 11631 | Gauntlet | Found a transporter.
 11638 | Gauntlet | Noticed a sixfirhy
 11641 | Gauntlet | Noticed a sixfirhy
 11643 | Gauntlet | Noticed a sixfirhy
 11646 | Gauntlet | Found a transporter.
 11653 | Gauntlet | Noticed a sixfirhy
 11658 | Gauntlet | Found a transporter.
 11673 | Gauntlet | Found a transporter.
 11674 | Gauntlet | Found a transporter.
 11676 | Gauntlet | Noticed an oklob plant
 11716 | Gauntlet | Found a transporter.
 11733 | Gauntlet | Found a transporter.
 11743 | Gauntlet | Found a transporter.
 11838 | Gauntlet | Killed a moth of wrath
 11883 | Gauntlet | Reached **** piety under Okawaru
 12035 | Gauntlet | Reached skill level 5 in Invocations
 12151 | Gauntlet | Killed a hell beast
 12152 | Gauntlet | Reached skill level 10 in Maces & Flails
 12152 | Gauntlet | Reached XP level 12. HP: 66/72 MP: 13/15
 12286 | Gauntlet | Noticed a minotaur
 12298 | Gauntlet | Killed a minotaur
 12299 | Gauntlet | Reached skill level 12 in Shields
 12307 | Gauntlet | Identified the staff "Jufosora" {rElec Stlth+ Air}
 12402 | D:11     | Noticed a two-headed ogre
 12414 | D:11     | Killed a two-headed ogre
 12832 | D:11     | Identified the +4 halberd "Gosonur" {freeze, rElec rPois
                  | rN+ SInv}
 13052 | D:11     | Identified the +1 leather armour of the Doldrums {^Drain
                  | Fly rElec Dex+4}
 13399 | D:12     | Noticed Rupert
 13438 | D:12     | Slain by Rupert

Illustrated notes

Levels and vault maps discovered:
D:1:      dpeg_arrival_boxorama, layout_basic, minmay_rat_gold_closets
D:2:      minmay_wonky_spiral, layout_basic, serial_aquarium,
          aquarium_bridge_straight [aquarium_subvault_bridge,
          aquarium_subvault_wall, aquarium_subvault_bridge,
          aquarium_subvault_window], aquarium_bridge_straight
          [aquarium_subvault_bridge, aquarium_subvault_wall,
          aquarium_subvault_bridge, aquarium_subvault_window],
          aquarium_window_2, aquarium_window_1, aquarium_window_2,
          aquarium_view_2d, aquarium_view_2f, uniq_sigmund
D:3:      layout_basic, ebering_ecumenical_altar_hall, uniq_crazy_yiuf_cottage,
          uniq_ijyb, uniq_terence, uniq_jessica
D:4:      layout_basic, mainiacjoe_sewer_entry_somewhere_in_here_2
D:5:      kennysheep_kobold_camp, layout_cave_pools,
          nicolae_ru_great_annihilating_truth, gammafunk_ghost_mausoleum,
          nicolae_elevator_lobby_plus
D:6:      layout_cave_pools, chequers_temple_overflow_minitemple,
          lemuel_tele_altar, minmay_temple_entry_drinking_statues,
          serial_co_window_serial, co_window_paths_a, co_window_corner_a,
          co_window_paths_a, co_window_paths_a, co_window_paths_a,
          co_window_corner_cb, co_window_broadway_c, co_window_2corner,
          co_window_sun, co_window_4corner_a, glass_columns_b, glass_columns_b,
          glass_columns_b, glass_columns_a, glass_columns_b, uniq_edmund
D:7:      layout_basic, mainiacjoe_overflow_concentric_impassable,
          minmay_misc_feat_x
D:8:      layout_rooms, mainiacjoe_overflow_surrounded_room, enter_bailey_5
D:9:      layout_grid_maze, minmay_fractal_squares_5, uniq_jeremiah
D:10:     layout_basic, hellmonk_lair_entry_icy, uniq_joseph
D:11:     layout_stronghold, gauntlet_entry_generic
D:12:     layout_rooms, orc_david_3, serial_shops, nicolae_shop_trees, shop,
          shop_statue, nicolae_diamond_shop, shop, amethyst_killhole,
          columned_hall_lemuel, uniq_rupert, uniq_fannar, uniq_snorg
Temple:   cyrus_circular_temple

Skill      XL: |  1  2  3  4  5  6  7  8  9 10 11 12 |
---------------+-------------------------------------+-----
Maces & Flails | 4 5 6 7 9 10 | 10.3
Armour         | 4 5 6 7 8 9 |  9.2
Dodging        | 1 2 |  2.6
Shields        | 4 5 7 9 10 11 12 | 12.2
Fighting       | 4 6 7 |  7.8
Stealth        | 1 2 3 |  3.8
Throwing       | 1 2 3 |  3.3
Invocations    | 2 5 |  5.8

Action                     |  1- 3 |  4- 6 |  7- 9 | 10-12 || total
---------------------------+-------+-------+-------+-------++-------
  Melee: Flail             |   151 |    50 |       |       ||   201
         Club              |       |    44 |   203 |       ||   247
         Whip              |       |       |   258 |   725 ||   983
  Throw: Dart              |     2 |       |    10 |    34 ||    46
 Invoke: Heroism           |       |       |       |     4 ||     4
         Finesse           |       |       |       |     1 ||     1
   Stab: Distracted        |       |     1 |     4 |       ||     5
         Paralysed         |       |       |     1 |       ||     1
 Armour: Scale mail        |   104 |    43 |    34 |       ||   181
         Skin              |       |    23 |       |       ||    23
         Plate armour      |       |       |   178 |   431 ||   609
  Dodge: Dodged            |    77 |    33 |   147 |   206 ||   463
  Block: Buckler           |    35 |    59 |   272 |   392 ||   758
         Reflection        |       |     1 |    19 |     5 ||    25
         Kite shield       |       |       |       |   156 ||   156
